AoeStats
← ПАМПУШКА

Arena

507492062Analyzed
4v4 RM · 13d ago on Sep 18, 2026· 62m 35s· 8 players
Game mode
Random Map
Map size
Large (8 player)
Population
200
Speed
Normal
Resources
Standard
Victory
Conquest
Starting age
Dark Age
Ending age
Imperial Age
RankedLock teamsTeams togetherTeam positionsShared explorationLock speedFull tech treeHidden civsTurbo modeCheats
Victory
Defeat
🇹🇼 Malay · Taiwan
1060
+16
🇨🇳 Muisca · China
1042
+17
🇱🇻 Britons · Latvia
1035
+17
🇪🇸 Portuguese · Spain
1000
+18
🇹🇼 Mongols · Taiwan
1116
-19
🇹🇼 Jurchens · Taiwan
1112
-19
🇹🇼 Italians · Taiwan
1020
-16
🇹🇼 Slavs · Taiwan
971
-14
ZHurald ZHurdrada
8:22 Loom
13:37 Feudal Age
17:34 Castle Age
15:19 Horse Collar
15:25 Double-Bit Axe
22:46 Pikeman
27:19 Elite Skirmisher
30:44 Wheelbarrow
31:36 Thumb Ring
32:57 Fletching
33:07 Padded Archer Armor
33:50 Town Watch
35:05 Herbalism
35:12 Squires
35:43 Bodkin Arrow
36:03 Leather Archer Armor
35:59 Forging
35:50 Scale Mail Armor
36:24 Hand Cart
38:54 Imperial Age
36:17 Treadmill Crane
36:57 Ballistics
36:33 Murder Holes
36:48 Heavy Plow
36:58 Bow Saw
36:38 Gold Mining
36:38 Stone Mining
38:55 Bow Saw
40:38 Chemistry
39:39 Bracer
40:15 Iron Casting
39:55 Huaracas
40:11 Conscription
42:44 Chain Mail Armor
42:43 Masonry
44:21 Hoardings
45:01 Siege Engineers
45:28 Crop Rotation
45:58 Two-Man Saw
45:34 Gold Shaft Mining
44:49 Stone Mining
44:58 Elite Guecha Warrior
45:24 Elite Temple Guard
49:45 Stone Shaft Mining
50:25 Redemption
50:36 Sanctity
50:28 Fervor
50:20 Devotion
50:35 Block Printing
50:46 Illumination
50:56 Theocracy
51:48 Coinage
ПАМПУШКА
5:40 Loom
13:14 Feudal Age
15:29 Wheelbarrow
14:41 Double-Bit Axe
18:09 Castle Age
16:08 Stone Mining
16:15 Gold Mining
17:31 Horse Collar
19:15 Hand Cart
20:47 Heavy Plow
23:44 Padded Archer Armor
23:45 Scale Mail Armor
24:28 Fletching
24:54 Leather Archer Armor
25:16 Squires
26:53 Bodkin Arrow
28:44 Chain Mail Armor
28:42 Pikeman
29:09 Gambesons
29:39 Forging
30:15 Ballistics
30:59 Iron Casting
30:46 Murder Holes
33:20 Gold Shaft Mining
35:25 Imperial Age
35:07 Town Watch
35:37 Bow Saw
36:26 Yeomen
36:32 Conscription
36:22 Bracer
37:22 Ring Archer Armor
37:56 Halberdier
38:03 Elite Longbowman
41:32 Chemistry
40:56 Halberdier
50:29 Plate Mail Armor
51:00 Blast Furnace
53:36 Man-at-Arms
56:02 Long Swordsman
Master of Ludus
0:27 Loom
12:02 Feudal Age
13:45 Horse Collar
15:23 Double-Bit Axe
18:25 Castle Age
17:20 Stone Mining
18:40 Wheelbarrow
20:03 Bow Saw
20:27 Heavy Plow
33:28 Hand Cart
32:59 Town Watch
38:58 Man-at-Arms
38:58 Pikeman
39:23 Gambesons
43:16 Imperial Age
41:05 Masonry
41:01 Scale Mail Armor
41:11 Forging
41:28 Forging
41:09 Fletching
41:28 Fletching
42:21 Town Watch
43:02 Ballistics
42:59 Bodkin Arrow
43:05 Padded Archer Armor
42:55 Elite Skirmisher
46:00 Iron Casting
45:41 Chain Mail Armor
45:42 Leather Archer Armor
45:36 Halberdier
46:51 Bracer
48:28 Two-Man Saw
48:02 Crop Rotation
49:44 Chemistry
49:15 Architecture
49:00 Siege Engineers
48:53 Capped Ram
51:18 Blast Furnace
50:44 Guilds
51:16 Ring Archer Armor
51:43 Plate Mail Armor
51:20 Caravan
51:33 Town Patrol
52:28 Conscription
52:12 Circumnavigation
53:13 Long Swordsman
55:29 Two-Handed Swordsman
56:50 Arson
60:38 Champion
arping0904
12:38 Feudal Age
13:46 Double-Bit Axe
14:54 Loom
17:29 Castle Age
15:50 Horse Collar
18:59 Wheelbarrow
18:47 Heavy Plow
19:29 Bow Saw
20:11 Gold Mining
20:14 Stone Mining
27:49 Imperial Age
26:01 Murder Holes
26:10 Fletching
27:53 Forging
29:33 Chemistry
30:31 Iron Casting
30:48 Hand Cart
30:46 Scale Barding Armor
33:13 Blast Furnace
32:18 Forced Levy
33:09 Gold Shaft Mining
32:07 Man-at-Arms
32:48 Squires
32:45 Long Swordsman
33:59 Two-Handed Swordsman
37:57 Husbandry
37:58 Bodkin Arrow
39:43 Treadmill Crane
42:11 Conscription
42:36 Stone Shaft Mining
42:01 Elite Battle Elephant
44:03 Siege Engineers
46:31 Arson
50:35 Pikeman
南部人騎山豬
11:43 Feudal Age
13:49 Loom
16:49 Castle Age
14:55 Double-Bit Axe
16:33 Fletching
18:04 Bow Saw
17:42 Horse Collar
19:13 Crossbowman
22:40 Wheelbarrow
22:49 Bodkin Arrow
25:12 Town Watch
27:18 Hand Cart
27:10 Padded Archer Armor
27:12 Heavy Plow
29:23 Thumb Ring
30:03 Gold Mining
34:15 Imperial Age
31:29 Elite Skirmisher
32:20 Stone Mining
33:09 Treadmill Crane
34:33 Leather Archer Armor
35:05 Ballistics
34:54 Arbalester
35:38 Bracer
37:12 Chemistry
36:27 Light Cavalry
38:31 Bloodlines
38:49 Scale Barding Armor
39:14 Ring Archer Armor
39:49 Husbandry
39:58 Hussar
41:07 Chain Barding Armor
50:41 Cavalier
55:19 Conscription
58:49 Cavalier
61:03 Plate Barding Armor
60:39 Forging
アル
5:21 Loom
10:28 Feudal Age
12:05 Double-Bit Axe
12:53 Double-Bit Axe
15:48 Castle Age
15:18 Fletching
21:54 Wheelbarrow
24:34 Fervor
25:25 Horse Collar
27:51 Gold Mining
33:50 Imperial Age
34:26 Forging
34:22 Scale Barding Armor
34:35 Bloodlines
35:54 Conscription
36:37 Light Cavalry
37:26 Bodkin Arrow
38:08 Hand Cart
39:20 Ballistics
39:17 Thumb Ring
39:57 Bracer
40:18 Chain Barding Armor
40:34 Iron Casting
39:25 Elite Mangudai
40:44 Gold Shaft Mining
44:47 Elite Steppe Lancer
50:00 Heavy Camel Rider
56:29 Husbandry
半滿的垃圾桶
8:13 Loom
10:07 Feudal Age
12:00 Double-Bit Axe
16:19 Castle Age
16:01 Scale Mail Armor
16:24 Gold Mining
19:35 Bow Saw
19:45 Gambesons
21:01 Wheelbarrow
20:54 Squires
21:10 Forging
21:05 Horse Collar
22:42 Heavy Plow
23:47 Iron Casting
25:22 Town Watch
26:06 Chain Mail Armor
31:22 Hand Cart
33:10 Scale Barding Armor
36:22 Imperial Age
34:07 Fletching
34:18 Padded Archer Armor
35:30 Ballistics
34:51 Treadmill Crane
35:17 Siege Engineers
34:51 Elite Skirmisher
35:47 Bodkin Arrow
38:25 Bracer
39:19 Bloodlines
39:09 Husbandry
39:29 Leather Archer Armor
41:11 Elite Steppe Lancer
45:20 Blast Furnace
44:41 Chain Barding Armor
47:28 Crop Rotation
47:24 Conscription
49:04 Chemistry
48:41 Plate Barding Armor
48:37 Ring Archer Armor
52:13 Thunderclap Bombs
55:40 Stone Mining
56:27 Gold Shaft Mining
56:31 Hoardings
55:56 Fortified Bastions
57:25 Stone Shaft Mining
57:57 Elite Iron Pagoda
58:50 Masonry
58:35 Murder Holes
58:31 Guard Tower
58:27 Arrowslits
60:37 Coinage
60:18 Guilds
60:13 Town Patrol
60:30 Light Cavalry
62:34 Keep
62:30 Architecture
62:10 Fortified Wall
61:58 Hussar
Americanpie
3:36 Loom
12:08 Feudal Age
16:21 Castle Age
15:07 Double-Bit Axe
15:50 Horse Collar
18:34 Man-at-Arms
21:48 Scale Mail Armor
22:35 Long Swordsman
24:40 Squires
28:07 Pikeman
32:43 Imperial Age
33:27 Bloodlines
35:04 Two-Handed Swordsman
39:08 Gold Mining
39:03 Champion
41:34 Wheelbarrow
43:57 Cavalier
44:39 Husbandry
45:45 Heavy Plow
47:07 Scale Barding Armor
47:12 Forging
47:18 Chain Mail Armor
51:00 Heavy Scorpion
62:18 Halberdier
Connection lost

Rejoining the realm…

Still unreachable

The connection could not be restored.

Session expired

The server has moved on; the page needs a fresh start.